 Dungeon Crawl Stone Soup version 0.31-a0-187-gba352fbbf7 (webtiles) character file.

Game seed: 18271531069381548999

13 qw the Shooter (level 2, -1/16 HPs)
             Began as a Deep Elf Hunter on June 22, 2023.
             Slain by a gnoll
             ... wielding a +0 whip
              (3 damage)
             ... on level 1 of the Dungeon.
             The game lasted 00:00:09 (263 turns).

qw the Shooter (Deep Elf Hunter)                     Turns: 263, Time: 00:00:09

Health: -1/16      AC:  3    Str:  8    XL:     2   Next: 24%
Magic:  4/4        EV: 12    Int: 13    God:
Gold:   27         SH:  0    Dex: 18    Spells: 1/1 levels left

rFire   . . .        a - +0 shortbow
rCold   . . .        (shield currently unavailable)
rNeg    . . .        c - +0 leather armour
rPois   .            (no helmet)
rElec   .            (no cloak)
rCorr   .            (no gloves)
SInv    .            (no boots)
Will    .....        (no amulet)
Stlth   ++           (no ring)
HPRegen 0.22/turn    (no ring)
MPRegen 0.09/turn

%: no passive effects
@: no status effects
A: no striking features
a: no special abilities


You were on level 1 of the Dungeon.
You visited 1 branch of the dungeon, and saw 1 of its levels.

You collected 27 gold pieces.


   Skills:
 - Level 1.5 Fighting
 + Level 6.1 Ranged Weapons
 - Level 2.4 Dodging
 - Level 1.2 Stealth


You had one spell level left.
You didn't know any spells.
Your spell library was empty.

Inventory:

Hand Weapons
 a - a +0 shortbow (weapon)
Armour
 c - a +0 leather armour (worn)
Scrolls
 b - a scroll of butterflies
 d - a scroll of fear {unknown}
 e - a scroll of fog {unknown}
 f - a scroll of identify {unknown}

Dungeon Overview and Level Annotations

Branches:
Dungeon (1/15)

Altars:

Shops:
D:1 *


Message History

The gnoll is moderately wounded.
The frilled lizard closely misses you.
You shoot an arrow.
The arrow closely misses the frilled lizard.
The arrow closely misses the gnoll.
The frilled lizard bites you.
You shoot an arrow.
The arrow closely misses the frilled lizard.
The arrow hits the gnoll but does no damage.
The gnoll is moderately wounded.
The frilled lizard closely misses you.
You shoot an arrow.
The arrow closely misses the frilled lizard.
The arrow barely misses the gnoll.
The frilled lizard bites you but does no damage.
You shoot an arrow. The arrow hits the frilled lizard!
You kill the frilled lizard!
You shoot an arrow. The arrow hits the gnoll.
The gnoll is heavily wounded.
The gnoll hits you with a +0 whip.
You shoot an arrow. The arrow barely misses the gnoll.
The gnoll barely misses you. x2
You shoot an arrow. The arrow barely misses the gnoll.
The gnoll completely misses you.
You shoot an arrow. The arrow closely misses the gnoll.
The gnoll closely misses you.
You shoot an arrow.
The arrow hits the gnoll but does no damage.
The gnoll is moderately wounded.
The gnoll barely misses you.
You shoot an arrow. The arrow barely misses the gnoll.
The gnoll barely misses you.
You shoot an arrow. The arrow barely misses the gnoll.
The gnoll hits you with a +0 whip.
You shoot an arrow. The arrow barely misses the gnoll.
The gnoll barely misses you. The gnoll hits you with a +0 whip.
You shoot an arrow. The arrow hits the gnoll.
The gnoll is severely wounded.
The gnoll hits you with a +0 whip.
You die...

#.##.# #.##.#
############.##.##
#.................
#.#.########..#.#.
#.#.# #......
#.#.# #....#.
#.#.# ####.##
#@#.# #... #g#.#
#..# ..#.# #...
#.##.# #..# #.
#... #. #... #.
#### #.


You could see a gnoll.

Vanquished Creatures
  2 dart slugs (D:1)
  A goblin (D:1)
  A hobgoblin (D:1)
  A quokka (D:1)
  2 frilled lizards (D:1)
  2 kobolds (D:1)
  A rat (D:1)
10 creatures vanquished.

Notes
Turn   | Place    | Note
-------+----------+-------------------------------------------
     0 | D:1      | qw the Deep Elf Hunter began the quest for the Orb.
     0 | D:1      | Reached XP level 1. HP: 12/12 MP: 3/3
     0 | D:1      | 0 ||| qw: Version: 0.3-a-9-g12657ce
     0 | D:1      | 0 ||| qw: Game counter: 2342
     0 | D:1      | 0 ||| qw: Always use a shield: true
     0 | D:1      | 0 ||| qw: God list: Okawaru
     0 | D:1      | 0 ||| qw: Allow faded altars: false
     0 | D:1      | 0 ||| qw: Do Orc after D:15 true
     0 | D:1      | 0 ||| qw: Do second Lair branch before Depths: true
     0 | D:1      | 0 ||| qw: Lair rune preference: random
     0 | D:1      | 0 ||| qw: Plans: Normal
     0 | D:1      | 0 ||| PLANNING D:1-11
    47 | D:1      | Found Inguf's General Store.
    51 | D:1      | 51 ||| SHOPLISTING +0 ring mail (44 gold, have 0).
    51 | D:1      | 51 ||| SHOPLISTING potion of curing (33 gold, have 0).
    51 | D:1      | 51 ||| SHOPLISTING potion of heal wounds (55 gold, have 0).
    51 | D:1      | 51 ||| SHOPLISTING scroll of identify (22 gold, have 0).
   124 | D:1      | Reached skill level 6 in Ranged Weapons
   124 | D:1      | Reached XP level 2. HP: 14/16 MP: 4/4
   262 | D:1      | HP: 2/16 [gnoll/+0 whip (6)]
   263 | D:1      | Slain by a gnoll

Levels and vault maps discovered:
D:1:      scummos_arrival_hexagon, layout_loops_ring, serial_shops, shop,
          st_stairs_6

Skill      XL: |  1 |
---------------+----+-----
Ranged Weapons | 6 |  6.1
Fighting       | |  1.5
Dodging        | |  2.4
Stealth        | |  1.2

Action                     || total
---------------------------++-------
   Fire: Shortbow          ||    50
 Armour: Leather armour    ||     4
  Dodge: Dodged            ||    21

Table legend:
 A = Non-vault XP
 B = Vault XP
 C = Vault XP percentage of total XP
 D = Non-vault monster count
 E = Vault monster count
 F = Vault count percentage of total count
                 A         B        C        D         E       F
            +---------+---------+-------+---------+---------+-------
      Total |      18 |       1 |   5.3 |       9 |       1 |  10.0
            +---------+---------+-------+---------+---------+-------
        D:1 |      18 |       1 |   5.3 |       9 |       1 |  10.0
            +---------+---------+-------+---------+---------+-------
